 Dungeon Crawl Stone Soup version 0.31-a0-489-g282fc92437 (webtiles) character file.

Game seed: 10491628830949893460

739 Bnni the Cutter (level 7, -1/38 HPs)
             Began as a Vine Stalker Fighter on Aug 8, 2023.
             Slain by Duvessa
             ... wielding a +0 short sword
              (5 damage)
             ... on level 4 of the Dungeon.
             The game lasted 00:03:57 (1908 turns).

Bnni the Cutter (Vine Stalker Fighter)              Turns: 1908, Time: 00:03:58

Health: -1/38      AC:  6    Str: 18    XL:     7   Next: 75%
Magic:  0/8        EV:  9    Int:  8    God:
Gold:   110        SH:  5    Dex: 16    Spells: 6/6 levels left

rFire   . . .        a - +0 rapier
rCold   . . .        c - +0 buckler
rNeg    . . .        b - +0 scale mail
rPois   .            (no helmet)
rElec   .            (no cloak)
rCorr   .            (no gloves)
SInv    .            (no boots)
Will    .....        (no amulet) Stlth
                     (no ring)
HPRegen 1.06/turn    (no ring)
MPRegen 0.11/turn

%: guardian spirit
@: mighty
A: fangs 2, regeneration 1, magic shield, antimagic bite, no potion heal 2
a: no special abilities


You were on level 4 of the Dungeon.
You visited 1 branch of the dungeon, and saw 4 of its levels.

You collected 110 gold pieces.

Inventory:

Hand Weapons
 a - a +0 rapier (weapon)
 k - a +0 dagger
Missiles
 g - 5 poisoned darts
Armour
 b - a +0 scale mail (worn)
 c - a +0 buckler (worn)
Wands
 n - a wand of digging (2)
Scrolls
 e - 2 scrolls of teleportation {unknown}
 i - a scroll of blinking {unknown}
 j - 2 scrolls of revelation {unknown}
 l - a scroll of enchant weapon {unknown}
 m - a scroll of identify {unknown}
Potions
 f - a potion of brilliance {unknown}
 h - a potion of curing {unknown}


   Skills:
 + Level 4.7 Fighting
 * Level 5.2 Short Blades
 - Level 2.4 Armour
 - Level 5.0 Shields


You had 6 spell levels left.
You didn't know any spells.
Your spell library contained the following spells:

 Spells                   Type           Power      Damage    Failure   Level
 Inner Flame              Hex/Fire       0%         N/A       99%         3
 Yara's Violent Unravell  Hex/Tmut       0%         3d3       100%        5
 Enfeeble                 Hex            0%         N/A       100%        7


Dungeon Overview and Level Annotations

Branches:
Dungeon (4/15)
 Temple: D:4-7

Altars:
Elyvilon
Nemelex Xobeh
Trog

Shops:
D:1 (

Annotations:
D:4 Dowan, Duvessa


Innate Abilities, Weirdness & Mutations

You have extremely sharp teeth.
Your natural rate of healing is unusually fast.
When hurt, damage is shared between your health and your magic reserves.
Your bite disrupts and absorbs the magic of your enemies.
Potions cannot restore your health.


Message History

Duvessa is lightly wounded.
Duvessa hits you with a +0 short sword.
You hit Duvessa but do no damage.
Duvessa is moderately wounded.
Duvessa hits you with a +0 short sword.
You hit Duvessa.
Duvessa is moderately wounded.
Dowan barely misses you. Duvessa hits you with a +0 short sword!
Unknown command.
You barely miss Dowan. You bite Dowan.
Dowan's magic leaks into the air.
You drain his magic.
You feel invigorated.
Dowan is moderately wounded.
You block Dowan's attack. Duvessa hits you with a +0 short sword.
Unknown command.
You closely miss Duvessa.
Duvessa is moderately wounded.
Dowan hits you but does no damage. Duvessa hits you with a +0 short sword!
Unknown command.
You hit Duvessa.
Duvessa is moderately wounded.
Dowan hits you with a +0 dagger. Duvessa hits you with a +0 short sword.
* * * LOW HITPOINT WARNING * * *
Unknown command.
You feel very mighty all of a sudden.
Dowan's magic is no longer disrupted.
Dowan casts a spell at you. The puff of frost hits you.
* * * LOW HITPOINT WARNING * * *
Duvessa hits you but does no damage.
You closely miss Duvessa.
Duvessa is moderately wounded.
Duvessa looks more healthy.
Dowan gestures at you while chanting. The puff of frost hits you.
* * * LOW HITPOINT WARNING * * *
Duvessa hits you but does no damage.
You hit Duvessa but do no damage. Your bite misses Duvessa.
Duvessa is moderately wounded.
Dowan hits you but does no damage. Duvessa hits you with a +0 short sword.
You die...

#....... #####.......
#########.....######
#......>..##########
#.#####.####........
####.# #.....#.........
#....)##.#.#'#.........
#.....#................
#....e@.......#+###'#.#
#....e#.......#.# #.#.#
#...(.#.......#.# #.#.#
#..(..####.#.##.# #.#.#
#.(... #.#.##.# #.#.#
#(.... #...##.###.#.#
#..... ##.........#.#
###### ##..#.#####.#
######....## #.#


You could see Duvessa and Dowan.

Vanquished Creatures
  Grinder (D:4)
  Menkaure (D:4)
  Pargi (D:4)
  A scorpion (D:4)
  A hound (D:4)
  Natasha (thrice) (D:4)
  2 orc wizards (D:3)
  3 adders
  A shadow imp (D:4)
  An ufetubus (D:4)
  2 dart slugs (D:1)
  16 orcs (D:3)
  7 ball pythons
  3 bats (D:1)
  4 endoplasms
  A giant cockroach (D:4)
  5 goblins
  3 hobgoblins
  5 kobolds
  3 quokkas
  2 frilled lizards
  3 rats
69 creatures vanquished.

Notes
Turn   | Place    | Note
-------+----------+-------------------------------------------
     0 | D:1      | Bnni the Vine Stalker Fighter began the quest for the Orb.
     0 | D:1      | Reached XP level 1. HP: 11/11 MP: 2/2
   208 | D:1      | Reached XP level 2. HP: 16/16 MP: 3/3
   327 | D:1      | Found Zumneif's Antique Weapon Boutique.
   604 | D:2      | Reached XP level 3. HP: 19/19 MP: 4/4
   618 | D:2      | You fall into a shaft and drop 2 floors!
   714 | D:4      | Gained mutation: Your natural rate of healing is unusually
                  | fast. [Vine Stalker growth]
   714 | D:4      | Reached XP level 4. HP: 9/24 MP: 2/5
   757 | D:4      | Noticed a scorpion
   770 | D:4      | Killed a scorpion
   771 | D:4      | Reached XP level 5. HP: 12/28 MP: 4/6
   803 | D:4      | Noticed Natasha
   810 | D:4      | Killed Natasha
  1084 | D:3      | Found a bloodstained altar of Trog.
  1124 | D:3      | Reached XP level 6. HP: 32/32 MP: 7/7
  1130 | D:3      | Found a white marble altar of Elyvilon.
  1225 | D:3      | Found a sparkling altar of Nemelex Xobeh.
  1564 | D:4      | Noticed Pargi
  1635 | D:4      | Noticed Menkaure
  1639 | D:4      | Killed Menkaure
  1654 | D:4      | Noticed Natasha
  1658 | D:4      | Killed Natasha
  1734 | D:4      | Noticed Grinder
  1736 | D:4      | Paralysed by Grinder for 2 turns
  1755 | D:4      | Killed Grinder
  1756 | D:4      | Reached skill level 5 in Shields
  1756 | D:4      | Reached XP level 7. HP: 10/38 MP: 8/8
  1809 | D:4      | Noticed Natasha
  1816 | D:4      | Killed Natasha
  1826 | D:4      | Killed Pargi
  1827 | D:4      | Reached skill level 5 in Short Blades
  1895 | D:4      | Noticed Duvessa
  1896 | D:4      | Noticed Dowan
  1908 | D:4      | Slain by Duvessa

Illustrated notes

Levels and vault maps discovered:
D:1:      lemuel_arrival_muddy, layout_basic, serial_shops, shop
D:2:      layout_rooms, basic_altar
D:3:      layout_loops_ring, trog_three_pillars_becter,
          mainiacjoe_overflow_cross_hatched, nemelex_spade_bored_becter
D:4:      layout_basic, uniq_natasha, uniq_edmund, uniq_grinder, uniq_menkaure,
          uniq_duvessa, uniq_pargi

Skill      XL: |  1  2  3  4  5  6  7 |
---------------+----------------------+-----
Short Blades   | 2 3 4 5 |  5.2
Shields        | 3 4 5 |  5.0
Fighting       | 3 4 |  4.7
Armour         | |  2.4

Action                     |  1- 3 |  4- 6 |  7- 9 || total
---------------------------+-------+-------+-------++-------
  Melee: Rapier            |    62 |   171 |    21 ||   254
         Bite              |    15 |    43 |     6 ||    64
  Throw: Dart              |       |     4 |     3 ||     7
    Use: Potion            |       |     1 |     1 ||     2
 Armour: Scale mail        |    36 |    56 |    14 ||   106
  Dodge: Dodged            |    28 |    57 |     8 ||    93
  Block: Buckler           |     9 |    34 |     6 ||    49

Table legend: (Time is in decaauts)
 A = Elapsed time spent in this place.
 B = Non-inter-level travel time spent in this place.
 C = Inter-level travel time spent in this place.
 D = Time resting spent in this place.
 E = Time spent auto-exploring this place.
 F = Levels seen in this place.
 G = Mean time per level.
                   A        B        C        D        E       F      G
               +--------+--------+--------+--------+--------+-----+--------+
         Total |   1927 |   1860 |     67 |     58 |   1302 |   4 |  481.8 |
       Dungeon |   1927 |   1860 |     67 |     58 |   1302 |   4 |  481.8 |
               +--------+--------+--------+--------+--------+-----+--------+

Top non-repeatable levels by time:
     D:3: 711 daAuts
     D:1: 608 daAuts
     D:4: 589 daAuts
     D:2: 17 daAuts
